Cogmind - Beta 17 *** ADVENTURER MODE // 2026.06.28 @ 00:13:22 Player: Iris Result: Destroyed by G-47 Trooper with Particle Gun Performance ------------- Evolutions (2) 1000 Regions Visited (4) 800 Robots Destroyed (24) 120 Value Destroyed (770) 770 Prototype IDs (0) 0 Alien Tech Used (0) 0 Bonus (200) 200 TOTAL SCORE: 2890 Bonus ------- Entered Garrisons 200 Cogmind --------- Core Integrity 0/550 Matter 300/300 Energy 99/100 System Corruption 0% Temperature Cool (18) Movement Core (50) Location -8/Garrison Parts ------- > --- POWER (2) -------- (None) > --- PROPULSION (4) --- (None) > --- UTILITY (2) ------ (None) > --- WEAPON (3) ------- (None) > --- INVENTORY (5) ---- ECM Suite Peak State ------------ > --- POWER ------------ (None) > --- PROPULSION ------- Wheel Wheel > --- UTILITY ---------- ECM Suite > --- WEAPON ----------- Small Laser Assault Rifle Assault Rifle > --- INVENTORY -------- Light Cannon Hammer [Rating: 6] Favorites ----------- Power Ion Engine Engine Ion Engine Power Core Light Nuclear Core Propulsion Wheel Wheel Wheel Flight Unit Flight Unit Utility ECM Suite Device ECM Suite Weapon Assault Rifle Energy Gun Small Laser Ballistic Gun Assault Rifle Ballistic Cannon Light Cannon Impact Weapon Hammer Build | -11 -10 -9 -8 -8 ------- Run | Yrd Mat Mat Mat Gar Slots Evolved 4 | . . 2 2 . Power 1 | . . . 1 . Propulsion 2 | . . 1 1 . Utility . | . . . . . Weapon 1 | . . 1 . . Parts Attached 13 | 4 1 8 . . Power 2 | . . 2 . . Engine 1 | . . 1 . . Core 1 | . . 1 . . Reactor . | . . . . . Propulsion 3 | 2 . 1 . . Treads . | . . . . . Leg . | . . . . . Wheel 2 | 2 . . . . Hover . | . . . . . Flight 1 | . . 1 . . Utility 1 | . . 1 . . Device 1 | . . 1 . . Storage . | . . . . . Processor . | . . . . . Hackware . | . . . . . Protection . | . . . . . Artifact . | . . . . . Weapon 7 | 2 1 4 . . Energy Gun 1 | 1 . . . . Energy Cannon . | . . . . . Ballistic Gun 4 | 1 1 2 . . Ballistic Cannon 1 | . . 1 . . Launcher . | . . . . . Special Weapon . | . . . . . Impact Weapon 1 | . . 1 . . Slashing Weapon . | . . . . . Piercing Weapon . | . . . . . Special Melee Weapon . | . . . . . Unidentified Prototypes . | . . . . . Parts Lost 13 | . . 8 . 5 Power 2 | . . 1 . 1 Propulsion 3 | . . 2 . 1 Utility 1 | . . 1 . . Weapon 7 | . . 4 . 3 Highest Loss Streak 5 | . . 4 . 5 To Critical Strikes . | . . . . . Average Backups 2 | . 1 2 3 2 Power . | . . . . . Propulsion . | . . . . . Utility . | . . . 1 1 Weapon 1 | . 1 2 2 1 Tool/Special . | . . . . . Unused Backups 1 | . . . . 1 Power . | . . . . . Propulsion . | . . . . . Utility 1 | . . . . 1 Weapon . | . . . . . Tool/Special . | . . . . . Average Slot Usage (%) 39 | . 56 34 27 20 Engine 3 | . . 4 9 6 Wheel 13 | . 27 7 . . Flight 3 | . . 3 9 6 Energy Gun 3 | . 8 . . . Ballistic Gun 13 | . 19 12 9 6 Peak Build Rating 6 | 4 4 6 3 5 Average Rating 3 | 2 3 3 3 2 On Entrance 2 | . 4 4 3 3 Avg Prop Armor Cover (%) . | . . . . . Naked Turns 48 | . . . . 48 Heaviest Build 10 | 3 4 10 7 7 Greatest Support 20 | 20 20 20 4 4 Greatest Overweight (x) 3 | . . 3 1 1 Average Overweight (x) . | . . . 1 . Largest Inventory Capacity 5 | 5 5 5 5 5 Average Capacity 5 | 5 5 5 5 5 Most Carried 5 | 2 5 4 3 3 Average Carried 2 | . 1 2 3 2 Final Capacity 5 | 5 5 5 5 5 Final Carried 3 | . 3 3 3 1 Class Distribution -------------------- 100% | Mutant Dominant Class ---------------- Mutant | -10/Materials Mutant | -9/Materials Mutant | -8/Materials Mutant | -8/Garrison Resources | -11 -10 -9 -8 -8 ----------- Run | Yrd Mat Mat Mat Gar Matter Collected 640 | . 216 357 . 67 Remotely . | . . . . . Salvage Created 900 | . 321 473 . 106 Parts 44 | . 21 22 . 1 Haulers Intercepted . | . . . . . Recyclers Shooed . | . . . . . Parts Field Recycled . | . . . . . Retrieved Matter . | . . . . . Parts Self-Destructed . | . . . . . Prevented . | . . . . . Parts Restored . | . . . . . Kills | -11 -10 -9 -8 -8 ------- Run | Yrd Mat Mat Mat Gar Combat Hostiles Destroyed 22 | . 7 13 . 2 Melee 2 | . . 1 . 1 Guns 13 | . 7 6 . . Cannons 5 | . . 5 . . Classes Destroyed 5 | . 2 3 . . Worker 1 | . . 1 . . Watcher 1 | . 1 . . . Swarmer 3 | . . 3 . . Grunt 17 | . 7 8 . 2 Sentry 2 | . . 2 . . Best Kill Streak 8 | . 3 8 . 1 Combat Bots Only 5 | . 3 5 . 1 Max Kills in Single Turn 2 | . 1 2 . 1 Gunslinging . | . . . . . Exploded . | . . . . . Melee 1 | . . 1 . 1 Uniques/NPCs Destroyed . | . . . . . Combat | -11 -10 -9 -8 -8 -------- Run | Yrd Mat Mat Mat Gar Hostile Shots Fired 275 | . 38 124 . 113 Missed 97 | . 17 45 . 35 Hits 178 | . 21 79 . 78 Melee 1 | . . . . 1 Projectile 177 | . 21 79 . 77 Critical Strikes 6 | . . 2 . 4 Damage Taken 1732 | . 176 629 . 927 Core 814 | . 57 207 . 550 Absorbed by Shields 64 | . . . . 64 Ignored by Resistances 534 | . 58 195 . 281 Core Remaining (%) 75 | 100 77 48 . . Volleys Fired 73 | . 20 45 . 8 Largest 2 | . 2 2 . 2 Hottest 70 | . 60 70 . 40 Shots Fired 113 | . 40 60 . 13 Gun 92 | . 40 39 . 13 Cannon 21 | . . 21 . . Launcher . | . . . . . Special . | . . . . . Kinetic 89 | . 29 47 . 13 Thermal 24 | . 11 13 . . Explosive . | . . . . . Electromagnetic . | . . . . . Robot Hit Streak 17 | . 10 17 . 11 Robot Miss Streak 3 | . 2 3 . 1 Penetration Max . | . . . . . Secondary Targets . | . . . . . Shots Hit Robots 95 | . 31 50 . 14 Core Hits 43 | . 11 23 . 9 Critical Kills . | . . . . . Critical Parts Destroyed 2 | . . 2 . . Critical Strikes 2 | . . 2 . . Destroy 1 | . . 1 . . Smash 1 | . . 1 . . Melee Attacks 5 | . . 3 . 2 Impact 5 | . . 3 . 2 Slashing . | . . . . . Piercing . | . . . . . Sneak Attacks . | . . . . . Combat Hostiles . | . . . . . Follow-up Attacks . | . . . . . Damage Inflicted 1400 | . 400 767 . 233 Guns 951 | . 391 404 . 156 Cannons 265 | . . 265 . . Explosions . | . . . . . Melee 145 | . . 92 . 53 Ramming 39 | . 9 6 . 24 Kinetic 1010 | . 305 549 . 156 Thermal 206 | . 86 120 . . Explosive . | . . . . . Electromagnetic . | . . . . . Impact 145 | . . 92 . 53 Slashing . | . . . . . Piercing . | . . . . . Highest Corruption . | . . . . . Average Corruption . | . . . . . Corruption Purged . | . . . . . Corruption Blocked . | . . . . . Overload Shots . | . . . . . Overflow Damage 47 | . . 40 . 7 Projectiles . | . . . . . Explosions . | . . . . . Melee 47 | . . 40 . 7 Knockbacks 5 | . . 5 . . Impact 1 | . . 1 . . Kinetic 3 | . . 3 . . Secondary 1 | . . 1 . . Self-Inflicted Damage 18 | . 4 3 . 11 Shots . | . . . . . Rammed 10 | . 2 3 . 5 Targets Rammed 10 | . 2 3 . 5 Kicked . | . . . . . Crushed . | . . . . . Highest Temperature 75 | . 8 69 . 75 Average Temperature 26 | . 2 35 . 25 Received Heat Transfer 1281 | . 126 441 . 714 Siege Activations . | . . . . . Martial Activations . | . . . . . Shielding Activations . | . . . . . Robots Disrupted . | . . . . . Combat Hostiles . | . . . . . Robots Corrupted 2 | . . 1 . 1 Combat Hostiles 2 | . . 1 . 1 Parts Fried 1 | . . 1 . . Impact Corruptions 3 | . . 2 . 1 Robots Melted . | . . . . . Combat Hostiles . | . . . . . Parts Melted . | . . . . . Heat Transferred 475 | . 200 275 . . Parts Sabotaged . | . . . . . Parts Stolen . | . . . . . Parts Stripped . | . . . . . Power Chain Reactions . | . . . . . Alert | -11 -10 -9 -8 -8 ------- Run | Yrd Mat Mat Mat Gar Maximum Alert Level . | . . . . . Low Security (%) 100 | 100 100 100 100 100 Level 1 . | . . . . . Level 2 . | . . . . . Level 3 . | . . . . . Level 4 . | . . . . . Level 5 . | . . . . . High Security . | . . . . . Max Security . | . . . . . Peak Influence 170 | . 83 170 21 65 Initial 25 | . . 25 21 5 Average 46 | . 23 78 18 21 Influence Increases 648 | . 208 330 . 110 Destroy 0b10 Robot/C 440 | . 140 260 . 40 Destroy 0b10 Robot/NC 10 | . 5 5 . . Destroy Leader 102 | . 42 50 . 10 Successful Hack 6 | . 6 . . . Lose Combat Pursuer 90 | . 15 15 . 60 Influence Decreases 583 | . 135 343 49 56 Entered New Map 93 | . . 48 39 6 Time Decay 370 | . 135 225 10 . Lost Part 120 | . . 70 . 50 Squads Dispatched 4 | . 4 . . . Investigation 4 | . 4 . . . Extermination . | . . . . . Reinforcement . | . . . . . Assault . | . . . . . Garrison . | . . . . . Intercept . | . . . . . Searches Triggered . | . . . . . Construction Impeded . | . . . . . Haulers Reinforced . | . . . . . Active Scanning Responses . | . . . . . Cargo Convoy Interrupts . | . . . . . Stealth | -11 -10 -9 -8 -8 --------- Run | Yrd Mat Mat Mat Gar Distress Signals . | . . . . . Communications Jammed . | . . . . . Distress Signals . | . . . . . Times Spotted 36 | . 10 18 . 8 Peak Tracking Total 10 | . 4 5 . 10 Tactical Retreats 3 | . 1 1 . 1 Traps | -11 -10 -9 -8 -8 ------- Run | Yrd Mat Mat Mat Gar Traps Triggered 7 | . 4 . . 3 Indirectly . | . . . . . Trap Hack Attempts . | . . . . . Triggered . | . . . . . Disarmed 4 | . 4 . . . Reprogrammed . | . . . . . Reused . | . . . . . Traps Extracted . | . . . . . Installed . | . . . . . Triggered . | . . . . . Machines | -11 -10 -9 -8 -8 ---------- Run | Yrd Mat Mat Mat Gar Machines Disabled . | . . . . . Max in Single Turn . | . . . . . Machines Repaired . | . . . . . Machines Dismantled . | . . . . . Machines Sabotaged . | . . . . . Overloaded Fab Kills . | . . . . . Hacking | -11 -10 -9 -8 -8 --------- Run | Yrd Mat Mat Mat Gar Machines Accessed 7 | . 3 2 2 . Terminals 5 | . 3 1 1 . Fabricators . | . . . . . Repair Stations . | . . . . . Recycling Units 1 | . . 1 . . Scanalyzers . | . . . . . Garrison Access 1 | . . . 1 . Total Hacks 18 | . 9 5 4 . Successful 14 | . 6 5 3 . Failed 4 | . 3 . 1 . Catastrophic . | . . . . . Database Lockouts . | . . . . . Manual 2 | . 1 1 . . Terminals 14 | . 9 2 3 . Fabricators . | . . . . . Repair Stations . | . . . . . Recycling Units 3 | . . 3 . . Scanalyzers . | . . . . . Garrison Access 1 | . . . 1 . Terminal Hacks 10 | . 6 2 2 . Alert Level 6 | . 3 2 1 . Disarm Traps 1 | . 1 . . . Maintenance Status 1 | . 1 . . . Recall Investigation 1 | . 1 . . . Zone Layout 1 | . . . 1 . Fabricator Hacks . | . . . . . Repair Station Hacks . | . . . . . Recycling Unit Hacks 3 | . . 3 . . Process 1 | . . 1 . . Report Inventory 1 | . . 1 . . Retrieve Matter 1 | . . 1 . . Scanalyzer . | . . . . . Garrison Access Hacks 1 | . . . 1 . Unlock Access 1 | . . . 1 . Unauthorized Hacks . | . . . . . Terminals . | . . . . . Fabricators . | . . . . . Repair Stations . | . . . . . Recycling Units . | . . . . . Scanalyzers . | . . . . . Garrison Access . | . . . . . Data Cores Recovered . | . . . . . Used . | . . . . . Hacking Detections 4 | . 3 . 1 . Full Trace Events 1 | . 1 . . . Feedback Events . | . . . . . Feedback Blocked . | . . . . . Robot Schematics Acquired . | . . . . . Robots Built . | . . . . . Authchips . | . . . . . Time . | . . . . . Total Robot Build Rating . | . . . . . Part Schematics Acquired . | . . . . . Parts Built . | . . . . . Authchips . | . . . . . Time . | . . . . . Total Part Build Rating . | . . . . . Part Studies Acquired . | . . . . . Parts Repaired . | . . . . . Time . | . . . . . Parts Recycled . | . . . . . Recycled Matter . | . . . . . Retrieved Matter . | . . . . . Retrieved Components . | . . . . . Parts Scanalyzed . | . . . . . Part Schematics Acquired . | . . . . . Parts Damaged . | . . . . . Bothacking | -11 -10 -9 -8 -8 ------------ Run | Yrd Mat Mat Mat Gar Used RIF Installer . | . . . . . Robots Hacked . | . . . . . Non-combat . | . . . . . Combat . | . . . . . Robot Hacks Applied . | . . . . . Relay Couplers Released . | . . . . . Fabnet Peak Effective % . | . . . . . Robots Rewired . | . . . . . Allies Hacked . | . . . . . Hacks Repelled . | . . . . . Allies | -11 -10 -9 -8 -8 -------- Run | Yrd Mat Mat Mat Gar Total Allies . | . . . . . Largest Group . | . . . . . Highest-Rated Group . | . . . . . Highest-Rated Ally . | . . . . . Total Orders . | . . . . . Ally Attacks . | . . . . . Total Damage . | . . . . . Kills . | . . . . . Allies Corrupted . | . . . . . Allies Melted . | . . . . . Intel | -11 -10 -9 -8 -8 ------- Run | Yrd Mat Mat Mat Gar Active Infowar (turns) 110 | . . 110 . . ECM 110 | . . 110 . . Robot Analysis Total . | . . . . . Derelict Logs Recovered . | . . . . . Drone Launches . | . . . . . Drone Recoveries . | . . . . . Exploration | -11 -10 -9 -8 -8 ------------- Run | Yrd Mat Mat Mat Gar Turns Passed 1203 | 25 421 523 24 210 Spaces Moved 1050 | 23 434 403 21 169 Core 129 | 4 . 37 . 88 Treads . | . . . . . Legs . | . . . . . Wheels 672 | 19 434 219 . . Hover . | . . . . . Flight 249 | . . 147 21 81 Fastest Speed 50 | 50 80 50 120 50 Average Speed 87 | 74 80 95 120 83 Slowest Speed 200 | 80 80 200 120 120 Overloaded Moves . | . . . . . Propulsion Burnouts . | . . . . . Robots Hopped . | . . . . . Potential Cave-ins . | . . . . . Cave-ins Triggered . | . . . . . Exploration Rate (%) 19 | 2 50 29 5 11 Regions Visited 4 Branch Regions . Pre-discovered Areas . | . . . . . Known Exits Taken 1 | . . . 1 . Unknown Exits Taken 3 | 1 1 1 . . Scrap Searched . | . . . . . Spaces Dug . | . . . . . Terrain Destroyed . | . . . . . Melee . | . . . . . Projectile . | . . . . . AOE . | . . . . . Terrain Rammed . | . . . . . Walls Destroyed . | . . . . . Machines Disabled . | . . . . . Actions | -11 -10 -9 -8 -8 --------- Run | Yrd Mat Mat Mat Gar Total 1216 | 30 468 477 20 221 Wait . | . . . . . Move 1046 | 22 433 402 20 169 Hop . | . . . . . Pick Up 17 | 4 6 7 . . Fast Attach . | . . . . . Attach 23 | 4 5 12 . 2 Detach 7 | . 2 5 . . Swap . | . . . . . Drop . | . . . . . Fire 73 | . 20 45 . 8 Melee 5 | . . 3 . 2 Ram 10 | . 2 3 . 5 Kick . | . . . . . Crush . | . . . . . Escape Stasis 35 | . . . . 35 Rewire . | . . . . . Trap . | . . . . . Miscellaneous . | . . . . . Route ------- -11/Scrapyard -10/Materials -9/Materials -8/Materials -8/Garrison History --------- Turn | Location | Event 14 | -11/Scrapyard | Discovered new exit (range 16) 26 | -11/Scrapyard | Entered Materials 306 | -10/Materials | Build established: Mutant 435 | -10/Materials | Discovered new exit (range 15) 447 | -10/Materials | Entered another Materials area 447 | -9/Materials | Evolved 2 slots: Propulsion x1, Weapon x1 751 | -9/Materials | Core integrity fell below 50% 789 | -9/Materials | Lost 4 parts (1p1u2w) 959 | -9/Materials | Discovered new exit (range 5) 970 | -9/Materials | Entered another Materials area 970 | -8/Materials | Evolved 2 slots: Power x1, Propulsion x1 991 | -8/Materials | Identified exit to Garrison 994 | -8/Materials | Entered Garrison 1122 | -8/Garrison | Triggered checkpoint 1160 | -8/Garrison | Core integrity fell below 50% 1187 | -8/Garrison | Lost 5 parts (1p1n3w) 1199 | -8/Garrison | Core integrity fell below 20% 1204 | -8/Garrison | Destroyed by G-47 Trooper with Particle Gun Last Messages --------------- 01143_ Ion Engine destroyed. 01147_ Critical hit (Burn: +37). 01149_ Assault Rifle destroyed. 01150_ Acquired 40 matter. 01150_ Critical hit (Burn: +37). 01151_ G-50 Soldier destroyed. 01155_ Critical hit (Burn: +37). 01156_ Hammer destroyed. 01156_ Acquired 27 matter. 01167_ G-47 Trooper heat damages Aluminum Leg, Particle Gun, Aluminum Leg, Lgt. Nuclear Core. 01184_ Connecting with Door Terminal... 01195_ Slammed into G-47 Trooper. 01197_ Destroyed Particle Gun. 01197_ G-47 Trooper system corrupted by crushing effect. 01198_ G-47 Trooper system terminally corrupted. 01198_ Slammed into G-47 Trooper. 01199_ Critical hit (Burn: +37). 01199_ Slammed into G-47 Trooper. 01201_ G-47 Trooper destroyed. Map ----- +----------------------------------------------------+ | ????????????????????????????????????????????????? | | ????????????????????????????????????????????????? | | ????????????????????????????????????????????????? | | ????????????????????????????????????????????????? | | ????????????????????????????????????????????????? | | ????????????????????????????????????????????????? | | ????????????????????????????????????????????????? | | ????????????????????????????????????????????????? | | ????????????????????????????????????????????????? | | ????????????????????????????????????????????????? | | ????????????????????????????????????????????????? | | ????????????????????????????????????????????????? | | ????????????? ?????????????????????????????????? | | ???????????? #????????????????????????????????? | | ???????????? #????????????????????????????????? | | ??####??????# #????????????????????????????????? | | ??#""#??????# #????????????????????????????????? | | ??# T#??????# #????????????????????????????????? | | ??# "#??????# #????????????????????????????????? | | ??# ##????### #????????????????????????????????? | | ??# #?????# #????????????????????????????????? | | ??# #?????# #????????????????????????????????? | | ??# #?????? #??????????????????#####?????????? | | ??# #???????# #??????????????????# #?????????? | | ??# ######### #################### #?????????? | | ??# =%! ^ @ #?????????? | | ??# = ^ g %%g #?????????? | | ??# g%%g% #?????????? | | ??# ############################%####?????????? | | ??# #?????????????????????????## ##???????????? | | ??# #?????????????????????????#T #???????????? | | ??# #?????????????????????????##""#???????????? | | ??# #?????????????????????????????????????????? | | ??# #?????????????????????????????????????????? | | ??# #?????????????????????????????????????????? | | ??# #?????????????????????????????????????????? | | ?? #?????????????????????????????????????????? | | ?? #?????????????????????????????????????????? | | ? #?????????????????????????????????????????? | | ?## #?????????????????????????????????????????? | | ??# #?????????????????????????????????????????? | | ??? "?????????????????????????????????????????? | | ??? "?????????????????????????????????????????? | | ??? "?????????????????????????????????????????? | | ??? "?????????????????????????????????????????? | | ??? ??????????????????????????????????????????? | | ????????????????????????????????????????????????? | | ????????????????????????????????????????????????? | | ????????????????????????????????????????????????? | | ????????????????????????????????????????????????? | +----------------------------------------------------+ Best States ------------- Heat Dissipation 31 Energy Generation 14 Energy Capacity 250 Matter Stores 300 Matter Capacity 300 Sight Range 16 Terrain Scan Density 10 ECM Strength 1 Resistance: KI 20 Resistance: TH 20 Resistance: EX 20 Resistance: EM 20 Resistance: I 20 Resistance: S 20 Resistance: P 20 Evasion (%) 50 Offensive Hacking 10 Item Schematics ----------------- None Robot Schematics ------------------ None Fabricated ------------ Nothing Repaired ---------- Nothing Studied --------- None Alien Tech Used ----------------- None Achievements -------------- Bumper Bots Challenges ------------ None Game ------ Seed SupersonicHeatFacilitator Manual? 0 Play Time 00:31:39 Cumulative 29.4 hours Start 2026.06.27 @ 23:37:46 End 2026.06.28 @ 00:13:22 Sessions 1 Manual Loads 0 Difficulty Adventurer Special Mode None Game No. 68 Rogue 40 Adventurer 28 Explorer 0 Win Type - Total 0 Types 0/0/0/0/0/0/0/0/0/0 Lore% 13 Gallery% 27 Achievement% 17 Wizard Run 0 Options --------- Layout 1 ASCII 0 Keyboard 0 Movement Arrows Keybinds 0 Fullscreen 0 Font 28/SmallcapsGlow Map View 77x35 Zoom Use 0% Tactical HUD 1 Map Filters NONE Filters NONE Steam X RUN: b4d780f4-d803-4cbd-b228-35221484995f